3R
NORTHWEST TERRITORY BEAVERS @ BOMPTON BABY LAKERS
08/12/2038
 
TOP OF THE 1ST
Northwest Territory Beavers batting - Pitching for Bompton Baby Lakers : LHP Lance Barber
Pitching: LHP Lance Barber
Batting: RHB Roland Rankin 0-0: Ball
1-0: Fly out, F8 (Flyball, 8RM, EV 85.0 MPH)
Batting: LHB Mike Johnstone 0-0: Swinging Strike
0-1: Ball
1-1: Swinging Strike
1-2: Ball
2-2: Ball
3-2: Strikes out swinging
Batting: RHB David Alcabú 0-0: Ball
1-0: Swinging Strike
1-1: Called Strike
1-2: Foul Ball, location: 2F
1-2: Ball
2-2: Strikes out swinging
Top of the 1st over - 0 runs, 0 hits, 0 errors, 0 left on base; Northwest Territory 0 - Bompton 0
BOTTOM OF THE 1ST
Bompton Baby Lakers batting - Pitching for Northwest Territory Beavers : RHP Deron Lewis
Pitching: RHP Deron Lewis
Batting: RHB Aaron Tuttle 0-0: Called Strike
0-1: Ball
1-1: Foul Ball, location: 2F
1-2: Ball
2-2: Ball
3-2: Strikes out looking
Batting: LHB Ben Chell 0-0: Foul Ball, location: 2F
0-1: SINGLE (Line Drive, 4M, EV 94.4 MPH)
Batting: RHB José González 0-0: Ball
1-0: Grounds into double play, 6-4-3 (Groundball, 6, EV 86.9 MPH)
Bottom of the 1st over - 0 runs, 1 hit, 0 errors, 0 left on base; Northwest Territory 0 - Bompton 0
TOP OF THE 2ND
Northwest Territory Beavers batting - Pitching for Bompton Baby Lakers : LHP Lance Barber
Batting: LHB Lester Threlfall 0-0: Called Strike
0-1: Called Strike
0-2: Ball
1-2: Strikes out looking
Batting: LHB Matt Dunlap 0-0: Ball
1-0: Called Strike
1-1: Foul Ball, location: 2F
1-2: SINGLE (Groundball, 6MD, EV 95.0 MPH)
Batting: LHB Grover Barbaran 0-0: Called Strike
0-1: Swinging Strike
0-2: Ball
1-2: SINGLE (Line Drive, 89S, EV 102.5 MPH)
Matt Dunlap to second
Runner from 2nd tries for 3rd, SAFE, no throw by CF
Batting: RHB Richard Mitchell 0-0: Ball
1-0: Foul Ball, location: 2F
1-1: Foul Ball, location: 2F
1-2: Ball
2-2: Ball
3-2: Fly out, F9 (Flyball, 9LD, EV 84.4 MPH)
Runner from 3rd tags up, SCORES, no throw by RF
Batting: SHB Zach Bass 0-0: Ball
1-0: Swinging Strike
1-1: Foul Ball, location: 2F
1-2: Ball
2-2: Ball
3-2: SINGLE (Line Drive, 7S, EV 91.2 MPH)
Grover Barbaran to second
Grover Barbaran to third
Batting: RHB Denie Aarsse 0-0: Fielders Choice at 2nd, 6-4 (Groundball, 56, EV 102.5 MPH)
Top of the 2nd over - 1 run, 3 hits, 0 errors, 2 left on base; Northwest Territory 1 - Bompton 0
BOTTOM OF THE 2ND
Bompton Baby Lakers batting - Pitching for Northwest Territory Beavers : RHP Deron Lewis
Batting: RHB Rick Pawlowicz 0-0: Called Strike
0-1: Ball
1-1: Foul Ball, location: 2F
1-2: Foul Ball, location: 2F
1-2: Ball
2-2: Ball
3-2: Foul Ball, location: 2F
3-2: Fly out, F9 (Flyball, 89M, EV 94.4 MPH)
Batting: RHB Steffen Schulte 0-0: Ball
1-0: Ball
2-0: Ball
3-0: Base on Balls
Batting: RHB Denny Wolfe 0-0: Hit by Pitch
Steffen Schulte to second
Batting: RHB Jason Portillo 0-0: Foul Ball, location: 2F
0-1: Foul Ball, location: 2F
0-2: Ball
1-2: Ball
2-2: Strikes out swinging
Batting: LHB Jon Kelly 0-0: Ball
1-0: Called Strike
1-1: Swinging Strike
1-2: Foul Ball, location: 2F
1-2: Foul Ball, location: 2F
1-2: Foul Ball, location: 2F
1-2: Strikes out swinging
Bottom of the 2nd over - 0 runs, 0 hits, 0 errors, 2 left on base; Northwest Territory 1 - Bompton 0
TOP OF THE 3RD
Northwest Territory Beavers batting - Pitching for Bompton Baby Lakers : LHP Lance Barber
Batting: RHB Roland Rankin 0-0: SINGLE (Groundball, 6MD, EV 108.1 MPH)
Batting: LHB Mike Johnstone 0-0: Called Strike
0-1: Foul Ball, location: 2F
0-2: Ball
1-2: Ball
2-2: Ball
3-2: Foul Ball, location: 2F
3-2: DOUBLE (Flyball, 8RXD, EV 94.4 MPH)
Roland Rankin to third
Runner from 3rd tries for Home, SAFE, throw by CF to home
Batting: RHB David Alcabú 0-0: Fly out, F4 (Popup, 34D, EV 46.9 MPH)
Batting: LHB Lester Threlfall 0-0: Ball
1-0: Ball
2-0: Called Strike
2-1: Fly out, F7 (Flyball, 7D, EV 92.5 MPH)
Batting: LHB Matt Dunlap 0-0: Fly out, F9 (Line Drive, 9, EV 88.8 MPH)
Top of the 3rd over - 1 run, 2 hits, 0 errors, 1 left on base; Northwest Territory 2 - Bompton 0
BOTTOM OF THE 3RD
Bompton Baby Lakers batting - Pitching for Northwest Territory Beavers : RHP Deron Lewis
Batting: RHB Tanzan Hakui 0-0: Ball
1-0: Ball
2-0: Foul Ball, location: 2F
2-1: Foul Ball, location: 2F
2-2: Fly out, F3 (Popup, 3SF, EV 76.2 MPH)
Batting: RHB Aaron Tuttle 0-0: Swinging Strike
0-1: Swinging Strike
0-2: Ball
1-2: Ball
2-2: Strikes out swinging
Batting: LHB Ben Chell 0-0: Ball
1-0: Ball
2-0: Swinging Strike
2-1: Ground out 4-3 (Groundball, 4M, EV 81.9 MPH)
Bottom of the 3rd over - 0 runs, 0 hits, 0 errors, 0 left on base; Northwest Territory 2 - Bompton 0
TOP OF THE 4TH
Northwest Territory Beavers batting - Pitching for Bompton Baby Lakers : LHP Lance Barber
Batting: LHB Grover Barbaran 0-0: Ground out 6-3 (Groundball, 6M, EV 78.8 MPH)
Batting: RHB Richard Mitchell 0-0: Ball
1-0: Ball
2-0: Ball
3-0: Base on Balls
Batting: SHB Zach Bass 0-0: Ball
1-0: Ball
2-0: Foul Ball, location: 2F
2-1: Foul Ball, location: 2F
2-2: Foul Ball, location: 2F
2-2: Foul Ball, location: 2F
2-2: Foul Ball, location: 2F
2-2: Grounds into double play, 4-6-3 (Groundball, 4, EV 110.6 MPH)
Top of the 4th over - 0 runs, 0 hits, 0 errors, 0 left on base; Northwest Territory 2 - Bompton 0
BOTTOM OF THE 4TH
Bompton Baby Lakers batting - Pitching for Northwest Territory Beavers : RHP Deron Lewis
Batting: RHB José González 0-0: Ball
1-0: Fly out, F4 (Popup, 13, EV 78.1 MPH)
Batting: RHB Rick Pawlowicz 0-0: Fly out, F5 (Popup, 5, EV 71.9 MPH)
Batting: RHB Steffen Schulte 0-0: Ball
1-0: Swinging Strike
1-1: Swinging Strike
1-2: Strikes out swinging
Bottom of the 4th over - 0 runs, 0 hits, 0 errors, 0 left on base; Northwest Territory 2 - Bompton 0
TOP OF THE 5TH
Northwest Territory Beavers batting - Pitching for Bompton Baby Lakers : LHP Lance Barber
Batting: RHB Denie Aarsse 0-0: Called Strike
0-1: Swinging Strike
0-2: Strikes out swinging
Batting: RHB Roland Rankin 0-0: Ball
1-0: Ground out 6-3 (Groundball, 6, EV 105.0 MPH)
Batting: LHB Mike Johnstone 0-0: Ball
1-0: Ball
2-0: Ball
3-0: Called Strike
3-1: Called Strike
3-2: Base on Balls
Batting: RHB David Alcabú 0-0: Foul Ball, location: 2F
0-1: Swinging Strike
0-2: Ground out 4-3 (Groundball, 4, EV 88.1 MPH)
Top of the 5th over - 0 runs, 0 hits, 0 errors, 1 left on base; Northwest Territory 2 - Bompton 0
BOTTOM OF THE 5TH
Bompton Baby Lakers batting - Pitching for Northwest Territory Beavers : RHP Deron Lewis
Batting: RHB Denny Wolfe 0-0: Ball
1-0: Ball
2-0: Called Strike
2-1: Foul Ball, location: 2F
2-2: SINGLE (Line Drive, 4MD, EV 105.0 MPH)
Batting: RHB Jason Portillo 0-0: Foul Ball, location: 2F
0-1: Ball
1-1: Ball
2-1: Swinging Strike
2-2: Strikes out looking and he ARGUES THE CALL AND IS TOSSED!
Batting: LHB Jon Kelly 0-0: Ball
1-0: Swinging Strike
1-1: Foul Ball, location: 2F
1-2: Strikes out swinging
Batting: RHB Tanzan Hakui 0-0: Called Strike
0-1: Swinging Strike
0-2: Foul Ball, location: 2F
0-2: Foul Ball, location: 2F
0-2: Ball
1-2: Ball
2-2: Ball
3-2: Strikes out swinging
Bottom of the 5th over - 0 runs, 1 hit, 0 errors, 1 left on base; Northwest Territory 2 - Bompton 0
TOP OF THE 6TH
Northwest Territory Beavers batting - Pitching for Bompton Baby Lakers : LHP Lance Barber
Batting: LHB Lester Threlfall 0-0: Foul Ball, location: 2F
0-1: Ground out 5-3 (Groundball, 56, EV 93.1 MPH)
Batting: LHB Matt Dunlap 0-0: Ball
1-0: Foul Ball, location: 2F
1-1: Foul Ball, location: 2F
1-2: Ball
2-2: Foul Ball, location: 2F
2-2: Strikes out swinging
Batting: LHB Grover Barbaran 0-0: Called Strike
0-1: SINGLE (Groundball, 3D, EV 95.6 MPH)
Batting: RHB Richard Mitchell 0-0: Called Strike
0-1: Foul Ball, location: 2F
0-2: Ball
1-2: Foul Ball, location: 2F
1-2: Ball
2-2: Ball
3-2: SINGLE (Flyball, 89M, EV 93.1 MPH)
Grover Barbaran to second
Grover Barbaran to third
Batting: SHB Zach Bass 0-0: Ball
1-0: Fly out, F8 (Flyball, 8RS, EV 81.2 MPH)
Top of the 6th over - 0 runs, 2 hits, 0 errors, 2 left on base; Northwest Territory 2 - Bompton 0
BOTTOM OF THE 6TH
Bompton Baby Lakers batting - Pitching for Northwest Territory Beavers : RHP Deron Lewis
Batting: RHB Aaron Tuttle 0-0: Swinging Strike
0-1: Swinging Strike
0-2: Ball
1-2: SINGLE (Line Drive, 78S, EV 96.2 MPH)
Batting: LHB Ben Chell 0-0: Sac Bunt to 25 - play at first, batter OUT! 5-3
Aaron Tuttle to second
Batting: RHB José González 0-0: Ball
1-0: SINGLE (Groundball, 34D, EV 99.4 MPH)
Aaron Tuttle to third
Runner from 3rd tries for Home, SAFE, throw by RF to home
Pitching: LHP Pavlov Anfimov
Batting: RHB Rick Pawlowicz 0-0: Ball
1-0: Foul Ball, location: 2F
1-1: Called Strike
1-2: Ball
2-2: Ball
3-2: Strikes out swinging
Batting: RHB Steffen Schulte 0-0: Called Strike
0-1: Ball
1-1: Ball
2-1: Ball
3-1: Foul Ball, location: 2F
3-2: Ground out 6-3 (Groundball, 6, EV 111.2 MPH)
Bottom of the 6th over - 1 run, 2 hits, 0 errors, 1 left on base; Northwest Territory 2 - Bompton 1
TOP OF THE 7TH
Northwest Territory Beavers batting - Pitching for Bompton Baby Lakers : LHP Lance Barber
Batting: RHB Denie Aarsse 0-0: Swinging Strike
0-1: Called Strike
0-2: Strikes out swinging
Pitching: RHP Gene Kelly
Batting: RHB Roland Rankin 0-0: Ball
1-0: Ground out 5-3 (Groundball, 56, EV 81.2 MPH)
Batting: LHB Mike Johnstone 0-0: Ball
1-0: Ball
2-0: Called Strike
2-1: Foul Ball, location: 2F
2-2: Strikes out swinging
Top of the 7th over - 0 runs, 0 hits, 0 errors, 0 left on base; Northwest Territory 2 - Bompton 1
BOTTOM OF THE 7TH
Bompton Baby Lakers batting - Pitching for Northwest Territory Beavers : LHP Pavlov Anfimov
Batting: RHB Denny Wolfe 0-0: Swinging Strike
0-1: Foul Ball, location: 2F
0-2: Strikes out swinging
Batting: RHB Lucas Palgani 0-0: Ball
1-0: Ball
2-0: Ball
3-0: Base on Balls
Pitching: LHP Sadaharu Atsutame
Pinch Hitting: RHB Vicente Colón 0-0: Called Strike
0-1: Ball
1-1: SINGLE (Groundball, 56, EV 101.9 MPH) (infield hit)
Lucas Palgani to second
Batting: RHB Tanzan Hakui 0-0: Ball
1-0: Ball
2-0: Fielders Choice at 2nd, 6-4 (Groundball, 6, EV 100.6 MPH)
Lucas Palgani to third
Batting: RHB Aaron Tuttle 0-0: Called Strike
0-1: Foul Ball, location: 2RF, Error on foul ball, E2
0-2: Ball
1-2: Foul Ball, location: 2F
1-2: Strikes out swinging
Bottom of the 7th over - 0 runs, 1 hit, 1 error, 2 left on base; Northwest Territory 2 - Bompton 1
TOP OF THE 8TH
Northwest Territory Beavers batting - Pitching for Bompton Baby Lakers : RHP Gene Kelly
Now at 2B: Jonathan Winston
Batting: RHB David Alcabú 0-0: DOUBLE (Flyball, 8RXD, EV 98.1 MPH)
Batting: LHB Lester Threlfall 0-0: Swinging Strike
0-1: Ball
1-1: Called Strike
1-2: Ground out 4-3 (Groundball, 34, EV 105.6 MPH)
David Alcabú to third
Batting: LHB Matt Dunlap 0-0: Ball
1-0: Ball
2-0: Called Strike
2-1: Foul Ball, location: 2F
2-2: SINGLE (Flyball, 34D, EV 88.1 MPH)
David Alcabú scores
Batting: LHB Grover Barbaran 0-0: Foul Ball, location: 2F
0-1: Foul Ball, location: 2F
0-2: Strikes out looking
Batting: RHB Richard Mitchell 0-0: Fly out, F5 (Flyball, 5D, EV 83.8 MPH)
Top of the 8th over - 1 run, 2 hits, 0 errors, 1 left on base; Northwest Territory 3 - Bompton 1
BOTTOM OF THE 8TH
Bompton Baby Lakers batting - Pitching for Northwest Territory Beavers : LHP Sadaharu Atsutame
Batting: LHB Ben Chell 0-0: Called Strike
0-1: Fly out, F8 (Line Drive, 8LM, EV 92.5 MPH)
Batting: RHB José González 0-0: Ball
1-0: SINGLE (Groundball, 6D, EV 98.8 MPH)
Batting: RHB Rick Pawlowicz 0-0: Foul Ball, location: 2F
0-1: Foul Ball, location: 2F
0-2: Ball
1-2: Strikes out looking
Pitching: RHP Joeri van Lint
Batting: RHB Steffen Schulte 0-0: Swinging Strike
0-1: SINGLE (Line Drive, 8LS, EV 102.5 MPH)
José González to second
Pinch Hitting: RHB Maema Njongmeta 0-0: Called Strike
0-1: Ball
1-1: Swinging Strike
1-2: Ball
2-2: Foul Ball, location: 2F
2-2: DOUBLE (Groundball, 5L, EV 103.1 MPH)
José González scores
Steffen Schulte to third
Runner from 3rd tries for Home, SAFE, throw by LF to trailing runner, SAFE at third!
Batting: RHB Lucas Palgani 0-0: Swinging Strike
0-1: SINGLE (Flyball, 89S, EV 89.4 MPH)
Maema Njongmeta scores
Batting: LHB Jonathan Winston 0-0: Ground out 4-3 (Groundball, 4M, EV 85.0 MPH)
Bottom of the 8th over - 3 runs, 4 hits, 0 errors, 1 left on base; Northwest Territory 3 - Bompton 4
TOP OF THE 9TH
Northwest Territory Beavers batting - Pitching for Bompton Baby Lakers : RHP Gene Kelly
Now in CF: Wei Tu
Pinch Hitting: SHB Patrick Sullivan 0-0: Called Strike
0-1: Called Strike
0-2: Fly out, F9 (Flyball, 9S, EV 79.4 MPH)
Pinch Hitting: LHB Liberaratore Cavalo 0-0: Fly out, F8 (Flyball, 8LM, EV 90.6 MPH)
Batting: RHB Roland Rankin 0-0: Ball
1-0: Ball
2-0: Called Strike
2-1: Swinging Strike
2-2: Strikes out swinging
Top of the 9th over - 0 runs, 0 hits, 0 errors, 0 left on base; Northwest Territory 3 - Bompton 4
Friday, April 17th, 2020 - OOTP Baseball 20.8 Build 74